[Event "Late-Titled-Tuesday-Blitz-June-04-2024"]
[Site "Chess.com"]
[Date "2024.06.04"]
[Round "2"]
[White "Valiyev_Shahin"]
[Black "Arimin1329"]
[Result "0-1"]
[WhiteElo "2554"]
[BlackElo "2360"]
[TimeControl "180+1"]
[EndTime "14:15:39 PDT"]
[Termination "Arimin1329 won by checkmate"]

1. e4 c6 2. d4 d5 3. Nc3 dxe4 4. Nxe4 Bf5 5. Ng3 Bg6 6. h4 h6 7. Nf3 Nd7 8. Bd3 Bxd3 9. Qxd3 Ngf6 10. Bf4 e6 11. O-O-O Be7 12. Kb1 Qb6 13. Ne4 Nxe4 14. Qxe4 Nf6 15. Qe2 O-O-O 16. c4 Ba3 17. b3 Qa5 18.
Ne5 Rhf8 19. Qf3 Qb6 20. c5 Qa6 21. Nc4 Nd5 22. Bh2 b5 23. Nd6+ Kd7 24. Qg3 Bb4 25. Ne4 Ke8 26. Qxg7 f5 27. Nd6+ Rxd6 28. Bxd6 Nc3+ 29.
Kc1 Qa3+ 30. Kd2 Qxa2+ 31. Ke3 Qe2+ 32. Kf4 Qxf2+ 33. Ke5 Qe3# 0-1

[Event "Late-Titled-Tuesday-Blitz-June-04-2024"]
[Site "Chess.com"]
[Date "2024.06.04"]
[Round "2"]
[White "SoCalJuniorChess"]
[Black "ExchangeAB"]
[Result "0-1"]
[WhiteElo "2199"]
[BlackElo "2467"]
[TimeControl "180+1"]
[EndTime "14:15:39 PDT"]
[Termination "ExchangeAB won by resignation"]

1. d4 d5 2. Nc3 Nf6 3. Bf4 e6 4. Nb5 Na6 5. e3 Be7 6. Nf3 O-O 7. Be2 c6 8. Nc3 Nc7 9. O-O Nce8 10. Ne5 Nd6 11. Rb1 Nde4 12. Nxe4 Nxe4 13. c4 Nd6 14. c5 Ne4 15. f3 Nf6 16. Qc2 Nd7 17. Rfd1 Nxe5 18. Bxe5 Bf6 19. Bxf6 Qxf6 20. e4 dxe4 21. fxe4 Qg5 22. Qd2 Qxd2 23. Rxd2 Rd8 24. Bf3 Kf8 25. b4 a6 26. a4 Ke7 27. Rbd1 Bd7 28. d5 cxd5 29.
exd5 Rab8 30. d6+ Ke8 31. a5 Bc6 32. Bxc6+ bxc6 33. Rd4 Kd7 34. Rf1 Rf8 35. Kf2 e5 36. Re4 Rbe8 37. Ke3 f5 38. Rh4 h6 39. Rc4 g5 40.
Re1 h5 41. Kf3 h4 42. h3 e4+ 43. Kf2 Re5 44. g3 hxg3+ 45. Kxg3 f4+ 46. Kg4 e3 47. h4 f3 48. hxg5 f2 49. Rcc1 fxe1=Q 50. Rxe1 Rg8 51. Rh1 Rgxg5+ 52. Kf4 Rgf5+ 53. Kg4 Rf7 54. Rh8 e2 55.
Ra8 e1=Q 56. Ra7+ Ke6 0-1

[Event "Late-Titled-Tuesday-Blitz-June-04-2024"]
[Site "Chess.com"]
[Date "2024.06.04"]
[Round "2"]
[White "PNEPaul"]
[Black "Laico"]
[Result "1-0"]
[WhiteElo "1934"]
[BlackElo "2406"]
[TimeControl "180+1"]
[EndTime "14:15:39 PDT"]
[Termination "PNEPaul won by resignation"]

1. e4 e6 2. d4 d5 3. e5 c5 4. Qg4 cxd4 5. Nf3 Nc6 6. Bd3 f5 7. Qg3 Qc7 8. O-O Nb4 9. Nxd4 Nxd3 10. cxd3 Bd7 11. Nc3 a6 12. Re1 Bc5 13. Qxg7 Bxd4 14. Qxh8 O-O-O 15. Qxh7 Bxe5 16. Bg5 Nf6 17. Bxf6 Bxf6 18.
Rac1 Bc6 19. Qxc7+ Kxc7 20. Rxe6 Bd4 21. Rh6 Kb8 22.
Re1 Rg8 23. Ne2 Bxb2 24. Nf4 d4 25. Kf1 Bc3 26. Re7 Bd2 27. g3 Bb4 28. Reh7 Re8 29. Rh8 Rxh8 30. Rxh8+ Kc7 31. Ke2 Kd6 32. h4 Ke5 33. h5 Kf6 34. h6 Bd6 35. Rg8 1-0

[Event "Late-Titled-Tuesday-Blitz-June-04-2024"]
[Site "Chess.com"]
[Date "2024.06.04"]
[Round "2"]
[White "manitodeplomo"]
[Black "Oleksandr_Bortnyk"]
[Result "0-1"]
[WhiteElo "2616"]
[BlackElo "3033"]
[TimeControl "180+1"]
[EndTime "14:15:42 PDT"]
[Termination "Oleksandr_Bortnyk won on time"]

1. d4 Nf6 2. c4 b6 3. Nf3 Bb7 4.
Qb3 Nc6 5. Bd2 e6 6. Bc3 Ne4 7. Nbd2 Nxc3 8. Qxc3 Bb4 9. Qc2 g5 10. a3 Bxd2+ 11. Qxd2 g4 12. Ng1 Qf6 13. e3 h5 14.
Ne2 h4 15. h3 g3 16. f3 Na5 17. Qc3 O-O-O 18. b4 Nc6 19. e4 d5 20. e5 Qh6 21.
c5 f6 22. b5 Na5 23. c6 Ba8 24. f4 fxe5 25. dxe5 d4 26. Nxd4 Qxf4 27. Nf3 Rd5 28. Be2 Qe4 29. Qb2 Qe3 30. Rf1 Rhd8 0-1

[Event "Late-Titled-Tuesday-Blitz-June-04-2024"]
[Site "Chess.com"]
[Date "2024.06.04"]
[Round "2"]
[White "jinxy2009"]
[Black "JonasGallasch"]
[Result "0-1"]
[WhiteElo "2261"]
[BlackElo "2503"]
[TimeControl "180+1"]
[EndTime "14:15:42 PDT"]
[Termination "JonasGallasch won by resignation"]

1. c4 c6 2. g3 d5 3. Nf3 Nf6 4. Bg2 Bf5 5. O-O e6 6. Qb3 Qb6 7. d3 Bc5 8. Nc3 O-O 9. Na4 Qxb3 10. axb3 Be7 11. Be3 Nbd7 12. Nh4 Bg4 13. h3 Bxe2 14.
Rfe1 Bxd3 15. cxd5 cxd5 16. Bd4 h6 17. Nf3 a6 18.
Re3 Bh7 19. Nb6 Nxb6 20. Bxb6 Nd7 21. Bd4 Rac8 22. Ne5 Nxe5 23. Bxe5 Rc2 24. Bc3 Bf6 25. Bxf6 gxf6 26. Ra4 Rxb2 27. Rh4 Kg7 0-1

[Event "Late-Titled-Tuesday-Blitz-June-04-2024"]
[Site "Chess.com"]
[Date "2024.06.04"]
[Round "2"]
[White "Pitomina"]
[Black "ChempionBg"]
[Result "1-0"]
[WhiteElo "2489"]
[BlackElo "2232"]
[TimeControl "180+1"]
[EndTime "14:15:42 PDT"]
[Termination "Pitomina won on time"]

1. e4 c5 2. Nf3 d6 3. Bb5+ Bd7 4. Qe2 Nf6 5. O-O g6 6. c3 Bg7 7.
Re1 Bxb5 8. Qxb5+ Qd7 9. a4 a6 10. Qe2 Nc6 11. Na3 O-O 12. Nc4 Qc7 13. a5 d5 14.
exd5 Nxd5 15. d3 b5 16. axb6 Nxb6 17. Bf4 Qxf4 18. Nxb6 Ra7 19. g3 Qb8 20. Nc4 e6 21. Qe3 Qb5 22. Nfd2 Rd8 23. Ne4 Bf8 24. Red1 Rad7 25.
Nf6+ Kg7 26. Nxd7 Rxd7 27. Ne5 Nxe5 28. Qxe5+ Kg8 29. c4 Qb3 30. Qc3 1-0

[Event "Late-Titled-Tuesday-Blitz-June-04-2024"]
[Site "Chess.com"]
[Date "2024.06.04"]
[Round "2"]
[White "LoonsDeKoeben"]
[Black "Romkachess"]
[Result "0-1"]
[WhiteElo "2279"]
[BlackElo "2509"]
[TimeControl "180+1"]
[EndTime "14:15:43 PDT"]
[Termination "Romkachess won by checkmate"]

1. e4 c5 2. Nf3 d6 3. d4 cxd4 4. Nxd4 Nf6 5. Nc3 a6 6. a3 e5 7. Nf5 d5 8. Bg5 d4 9. Bxf6 gxf6 10. Nb1 Bxf5 11. exf5 Nc6 12. Bc4 Qd7 13. Nd2 Qxf5 14.
Qf3 Qxf3 15. gxf3 f5 16. O-O-O Bh6 17. Kb1 Bxd2 18. Rxd2 Ke7 19. Re1 Kf6 20. Rde2 Rhe8 21.
Bd3 Rad8 22. Rg1 Rg8 23. Rg3 Rxg3 24. hxg3 Re8 25. Re1 Rh8 26. Kc1 h5 27. Rh1 Ne7 28.
Kd2 Ng6 29. Bc4 h4 30. Rh3 hxg3 31. Rxg3 Rh2 32. Bd5 Rxf2+ 33. Kd1 b6 34. Bb7 a5 35. f4 Nxf4 36. Rb3 e4 37. Rxb6+ Kg5 38. Rb5 e3 39.
Re5 Rf1# 0-1

[Event "Late-Titled-Tuesday-Blitz-June-04-2024"]
[Site "Chess.com"]
[Date "2024.06.04"]
[Round "2"]
[White "Marielchessy"]
[Black "ivanquiroga"]
[Result "0-1"]
[WhiteElo "2325"]
[BlackElo "2546"]
[TimeControl "180+1"]
[EndTime "14:15:52 PDT"]
[Termination "ivanquiroga won by resignation"]

1. e4 e5 2. Nf3 Nc6 3. Bc4 Bc5 4. c3 Nf6 5. d3 O-O 6. Bb3 Be7 7. O-O d6 8. a4 a6 9. Nbd2 h6 10. Nc4 Be6 11.
h3 Qd7 12. Ne3 Nh7 13. Nh2 Bg5 14. Neg4 Bxc1 15. Rxc1 Ng5 16. f4 exf4 17. Rxf4 Ne5 18. Nf2 Bxb3 19. Qxb3 b5 20. d4 Nc4 21. Nhg4 Ne6 22. Rf3 Nd2 23. Qd1 Nxf3+ 24. Qxf3 Ng5 25. Qf4 f5 26. exf5 Rxf5 27. Qg3 Kh8 28. h4 Nh7 29.
Re1 Re8 30. Rxe8+ Qxe8 31. axb5 axb5 32. Kh2 Rf8 33. Qd3 Nf6 34. Ne3 d5 35. Neg4 Nxg4+ 36. Nxg4 Qe4 37. Qg3 Rf1 38. Ne5 Qe1 39. Ng6+ Kh7 40.
Nf8+ Kg8 41. Qxe1 Rxe1 42. Nd7 Re2 0-1

[Event "Late-Titled-Tuesday-Blitz-June-04-2024"]
[Site "Chess.com"]
[Date "2024.06.04"]
[Round "2"]
[White "EsmeraldasAnderson03"]
[Black "BillCoe"]
[Result "1-0"]
[WhiteElo "2439"]
[BlackElo "2112"]
[TimeControl "180+1"]
[EndTime "14:15:54 PDT"]
[Termination "EsmeraldasAnderson03 won by resignation"]

1. d4 d5 2. c4 e6 3. cxd5 exd5 4. Nc3 c6 5. Nf3 Bf5 6. Qb3 Qb6 7. e3 Nf6 8. Be2 Be7 9. O-O O-O 10. Ne5 Nbd7 11. f4 Rfd8 12. g4 Be4 13. g5 Ne8 14. Nxe4 Nxe5 15. fxe5 Qxb3 16. axb3 dxe4 17. Bc4 b5 18.
Bxf7+ Kh8 19. h4 g6 20. Bd2 Ng7 21. Kg2 Rf8 22. Kh3 Nf5 23. Be6 Ng7 24. Bd7 Rf3+ 25. Rxf3 exf3 26. Bxc6 Rf8 27. Rf1 f2 28. Bxb5 h6 29. gxh6 Nh5 30. Be2 Kh7 31. d5 Kxh6 32.
d6 Bd8 33. e6 Rf6 34. e4+ 1-0

[Event "Late-Titled-Tuesday-Blitz-June-04-2024"]
[Site "Chess.com"]
[Date "2024.06.04"]
[Round "2"]
[White "campochess"]
[Black "joksijoksi"]
[Result "0-1"]
[WhiteElo "2167"]
[BlackElo "2464"]
[TimeControl "180+1"]
[EndTime "14:15:55 PDT"]
[Termination "joksijoksi won by checkmate"]

1. e4 d5 2. Nc3 d4 3. Nce2 c5 4. Ng3 Nc6 5. Bc4 g6 6. d3 Bg7 7. h4 h5 8. Nh3 Na5 9. Bb5+ Bd7 10. Bxd7+ Qxd7 11. Nf4 Nc6 12. a3 Nf6 13. Bd2 O-O 14. O-O Ng4 15. Nh3 e5 16. f4 exf4 17. Bxf4 Nce5 18. Bg5 Rae8 19. Qe2 b5 20. Bd2 a6 21.
Nf4 c4 22. Nd5 f5 23. Bb4 Rf7 24. Rae1 fxe4 25. dxe4 d3 26. cxd3 Nxd3 27. Rxf7 Qxf7 28. Rf1 Bd4+ 29. Kh1 Ndf2+ 30. Kg1 Nxe4+ 31. Kh1 Nxg3# 0-1

[Event "Late-Titled-Tuesday-Blitz-June-04-2024"]
[Site "Chess.com"]
[Date "2024.06.04"]
[Round "2"]
[White "ural58"]
[Black "NikitaShnadrygin"]
[Result "0-1"]
[WhiteElo "2422"]
[BlackElo "2714"]
[TimeControl "180+1"]
[EndTime "14:15:56 PDT"]
[Termination "NikitaShnadrygin won by resignation"]

1. e4 c5 2. b3 Nc6 3. Bb2 a6 4. f4 e6 5. Nf3 d5 6. d3 dxe4 7. dxe4 Qxd1+ 8. Kxd1 Nf6 9. Nbd2 b5 10. h3 Bb7 11. a4 b4 12. Bd3 Na5 13. Ke2 Be7 14. Rhd1 O-O 15. g3 Rfd8 16. e5 Nd5 17. Nc4 Nc6 18. a5 Rab8 19. Kf2 Nc3 20. Re1 Nd4 21.
Nxd4 cxd4 22. Nd2 Rbc8 23. Rac1 Rc5 24. Ra1 h5 25. h4 g6 26. Bxc3 dxc3 27. Nf3 Rcd5 28.
Be4 Rd2+ 29. Nxd2 Rxd2+ 30. Kf3 Bxe4+ 31. Rxe4 Rxc2 32. Rc4 Rb2 33. Rc7 Bf8 34. Rd1 Rxb3 35. Rd8 c2+ 36. Ke2 Rc3 0-1

[Event "Late-Titled-Tuesday-Blitz-June-04-2024"]
[Site "Chess.com"]
[Date "2024.06.04"]
[Round "2"]
[White "ReadySkate"]
[Black "semchik90"]
[Result "1-0"]
[WhiteElo "2713"]
[BlackElo "2415"]
[TimeControl "180+1"]
[EndTime "14:15:56 PDT"]
[Termination "ReadySkate won by resignation"]

1. d4 d5 2. c4 c6 3. Nf3 Nf6 4. Nc3 dxc4 5. a4 Bf5 6. Ne5 Nbd7 7. Nxc4 Qc7 8. g3 e5 9. dxe5 Nxe5 10. Bf4 Rd8 11.
Qb3 Be6 12. Bxe5 Qxe5 13. Qxb7 Qc5 14. Ne3 Bd6 15. Bg2 Bd7 16. O-O O-O 17. Qa6 Rb8 18. Rab1 Rb4 19. Qd3 Be6 20. Rfc1 Rd4 21. Qa6 Bc8 22.
Qxc6 Qb4 23. Ncd5 Nxd5 24. Nxd5 Qb3 25. Qxd6 Qxa4 26. Qxf8+ Kxf8 27. Rxc8+ 1-0

[Event "Late-Titled-Tuesday-Blitz-June-04-2024"]
[Site "Chess.com"]
[Date "2024.06.04"]
[Round "2"]
[White "AsaHoffmann"]
[Black "Mikhail_Golubev"]
[Result "0-1"]
[WhiteElo "2265"]
[BlackElo "2504"]
[TimeControl "180+1"]
[EndTime "14:15:56 PDT"]
[Termination "Mikhail_Golubev won by resignation"]

1. d4 Nf6 2. Bg5 d5 3. Nd2 Nbd7 4. e3 g6 5. f4 Bg7 6. Ngf3 a6 7. Bd3 c5 8. c3 b5 9. O-O Bb7 10. Ne5 Qc7 11. Qf3 c4 12. Bc2 e6 13. e4 dxe4 14. Nxe4 Nxe4 15. Bxe4 Bxe4 16. Qxe4 O-O 17. a4 Nb6 18. axb5 f6 19. Nc6 fxg5 20. Qxe6+ Kh8 21. fxg5 Rxf1+ 22. Rxf1 axb5 23. Rf7 Qc8 24. Qxc8+ Rxc8 25. Ne7 Rf8 26. Rxf8+ Bxf8 27. Nc6 Na4 28. Na7 b4 29. Nc6 Nxb2 30. cxb4 c3 31. Ne5 c2 32. Nd3 Nxd3 0-1

[Event "Late-Titled-Tuesday-Blitz-June-04-2024"]
[Site "Chess.com"]
[Date "2024.06.04"]
[Round "2"]
[White "Statham_01"]
[Black "dealshark"]
[Result "1-0"]
[WhiteElo "2715"]
[BlackElo "2424"]
[TimeControl "180+1"]
[EndTime "14:15:57 PDT"]
[Termination "Statham_01 won by resignation"]

1. e4 c6 2. d4 d5 3. f3 dxe4 4. fxe4 e5 5. Nf3 Bg4 6. Bc4 Nd7 7. c3 Bd6 8. O-O Ngf6 9. Bg5 Qc7 10. Nbd2 h6 11. Bh4 O-O 12. Qe1 Bh5 13. Bb3 Rae8 14.
Nc4 exd4 15. Bxf6 Nxf6 16. Nxd6 Qxd6 17. e5 Qc7 18. Qh4 Bxf3 19. exf6 Re4 20. Qf2 Bh5 21. fxg7 Kxg7 22. Qf6+ Kg8 23. Rf5 Rg4 24. Rxh5 Qf4 25. Qxf4 Rxf4 26. cxd4 Rxd4 27. Rxh6 Rd2 28. Rf1 Kg7 29.
Rhf6 Rxb2 30. Rxf7+ Rxf7 31. Rxf7+ Kg6 32. Rxb7 c5 33.
Rxa7 1-0

[Event "Late-Titled-Tuesday-Blitz-June-04-2024"]
[Site "Chess.com"]
[Date "2024.06.04"]
[Round "2"]
[White "Nor1lsk"]
[Black "topce"]
[Result "0-1"]
[WhiteElo "2711"]
[BlackElo "2454"]
[TimeControl "180+1"]
[EndTime "14:15:58 PDT"]
[Termination "topce won by resignation"]

1. e4 c5 2. d3 Nc6 3. g3 g6 4. Bg2 Bg7 5. f4 d6 6. Nf3 Rb8 7. O-O b5 8. h3 h5 9. Nh4 e6 10. f5 g5 11. fxe6 Bxe6 12. Nf5 Be5 13. c3 Nge7 14.
Bxg5 Rg8 15. Qxh5 b4 16. d4 cxd4 17. cxd4 Rxg5 18. Qxg5 Nxd4 19. Rf2 Nexf5 20. Qxd8+ Kxd8 21. exf5 Bxg3 22. Rd2 Bxf5 23. Rxd4 Be5 24. Rd1 Rc8 25. Nd2 Bxb2 26. Ne4 Bxe4 27. Bxe4 Bxa1 28. Rxa1 Ke7 29. Bd5 Rc5 30. Rf1 Rxd5 31. Rf4 a5 32. Rc4 Rd2 0-1

[Event "Late-Titled-Tuesday-Blitz-June-04-2024"]
[Site "Chess.com"]
[Date "2024.06.04"]
[Round "2"]
[White "Nf3c5"]
[Black "Shankland"]
[Result "0-1"]
[WhiteElo "2602"]
[BlackElo "2963"]
[TimeControl "180+1"]
[EndTime "14:16:00 PDT"]
[Termination "Shankland won by resignation"]

1. e4 c5 2. Nc3 Nc6 3. Bb5 Nd4 4. Nf3 e6 5. O-O a6 6. Bd3 Nc6 7. b3 Nf6 8. Bb2 Be7 9. h3 O-O 10. e5 Nd5 11. Re1 Nf4 12. Bf1 f6 13. Ne4 fxe5 14. Nxe5 Nxe5 15. Bxe5 d5 16. Ng3 Bd6 17. d4 Bxe5 18.
Rxe5 Qf6 19. Qd2 cxd4 20. Rae1 Ng6 21. Nh5 Qh4 22. Rg5 Rxf2 23. Qxf2 Qxg5 24. g4 e5 25. Bg2 Be6 26. Qg3 Rf8 27. c3 Qd2 28. Rxe5 Nxe5 29. Qxe5 Qe3+ 30. Qxe3 dxe3 31. Ng3 Rf2 32. a3 Rc2 0-1

[Event "Late-Titled-Tuesday-Blitz-June-04-2024"]
[Site "Chess.com"]
[Date "2024.06.04"]
[Round "2"]
[White "AradNazari"]
[Black "Viktoker"]
[Result "1-0"]
[WhiteElo "2733"]
[BlackElo "2387"]
[TimeControl "180+1"]
[EndTime "14:16:00 PDT"]
[Termination "AradNazari won by resignation"]

1. e4 e5 2. f4 d5 3. exd5 exf4 4. Nf3 Bd6 5. d4 Nf6 6. c4 O-O 7. Nc3 Re8+ 8. Be2 c6 9. c5 Bf8 10. d6 b6 11. a3 a5 12. Rb1 bxc5 13. dxc5 Ba6 14.
O-O Bxe2 15. Nxe2 Ne4 16. b4 axb4 17. axb4 g5 18. Qd3 Bg7 19. Nfd4 Qd7 20. Bb2 Na6 21. Ba1 f5 22. Nc3 Kh8 23. Na4 Qf7 24. Nb6 Rab8 25. Qxa6 Nd2 26. Nxc6 Nxf1 27. Rxf1 Bxa1 28. Qxa1+ Kg8 29.
d7 Rf8 30. Nxb8 Rxb8 31. Qd4 Rd8 32. c6 1-0

[Event "Late-Titled-Tuesday-Blitz-June-04-2024"]
[Site "Chess.com"]
[Date "2024.06.04"]
[Round "2"]
[White "AustinThomas12345"]
[Black "VirtualCoach"]
[Result "1-0"]
[WhiteElo "2467"]
[BlackElo "2203"]
[TimeControl "180+1"]
[EndTime "14:16:01 PDT"]
[Termination "AustinThomas12345 won by resignation"]

1. e4 c5 2. Nf3 d6 3. d4 cxd4 4. Nxd4 Nf6 5. Nc3 a6 6. h3 e5 7.
Nde2 Be6 8. g4 Be7 9. Bg2 h6 10.
Be3 Nbd7 11. Nd5 Bxd5 12. exd5 Rc8 13. Ng3 Nb6 14. Nf5 Nc4 15. Nxg7+ Kf8 16. Nf5 Nxb2 17. Qc1 Nc4 18. Bxh6+ Ke8 19. O-O Qc7 20. Qg5 Rg8 21. Ng7+ Kd8 22. Qf5 Nb6 23. Bg5 Nbxd5 24. Bxd5 Nxd5 25.
Qxf7 Kd7 26. Bxe7 Nxe7 27. Nf5 Rge8 28. Rad1 d5 29. Rxd5+ Kc6 30. Qe6+ 1-0

[Event "Late-Titled-Tuesday-Blitz-June-04-2024"]
[Site "Chess.com"]
[Date "2024.06.04"]
[Round "2"]
[White "profedechess93"]
[Black "TheAlienParty"]
[Result "0-1"]
[WhiteElo "2611"]
[BlackElo "2384"]
[TimeControl "180+1"]
[EndTime "14:16:02 PDT"]
[Termination "TheAlienParty won by resignation"]

1. e4 e5 2. Nf3 Nc6 3. Bc4 Bc5 4. b4 Bxb4 5. c3 Bc5 6. d4 exd4 7. cxd4 Bb4+ 8.
Kf1 Nf6 9. d5 Na5 10. Bd3 b6 11. Bb2 O-O 12. Nd4 Re8 13. Qf3 Bd6 14. Nf5 Be5 15. Bxe5 Rxe5 16. Qg3 Rxf5 17. exf5 Nxd5 18. Qe5 Bb7 19. Nd2 d6 20. Qb2 Qg5 21. Nf3 Qh5 22.
Re1 Nf4 23. Be4 Bxe4 24. Rxe4 Qxf5 25. Rd4 c5 26. Ra4 Re8 27. Ne1 Rxe1+ 28. Kxe1 Nd3+ 0-1

[Event "Late-Titled-Tuesday-Blitz-June-04-2024"]
[Site "Chess.com"]
[Date "2024.06.04"]
[Round "2"]
[White "McCarthyStone"]
[Black "ilya2700"]
[Result "0-1"]
[WhiteElo "2450"]
[BlackElo "2210"]
[TimeControl "180+1"]
[EndTime "14:16:02 PDT"]
[Termination "ilya2700 won by checkmate"]

1. b3 e5 2. Bb2 Nc6 3. e3 Nf6 4. Bb5 d6 5. d4 Bd7 6. Nf3 e4 7. Nfd2 d5 8. c4 a6 9. Ba4 Rb8 10. cxd5 Nxd5 11. Bxc6 Bxc6 12. O-O f5 13. Nc4 Bd6 14.
Qh5+ g6 15. Qe2 f4 16. Nxd6+ Qxd6 17. exf4 Nxf4 18. Qe3 O-O 19. Ba3 Qe6 20. Bxf8 Qg4 21. g3 Nh3+ 22. Kg2 Rxf8 23. Nc3 Rf3 24. Qh6 Rxc3 25.
d5 Qf3+ 26. Kxh3 Bd7+ 27. Kh4 Qg4# 0-1

[Event "Late-Titled-Tuesday-Blitz-June-04-2024"]
[Site "Chess.com"]
[Date "2024.06.04"]
[Round "2"]
[White "ACollins05"]
[Black "MrEscacs"]
[Result "1-0"]
[WhiteElo "2450"]
[BlackElo "2132"]
[TimeControl "180+1"]
[EndTime "14:16:02 PDT"]
[Termination "ACollins05 won by resignation"]

1. Nf3 Nf6 2. e3 g6 3. b3 Bg7 4. Bb2 O-O 5. d4 d5 6. c4 b6 7. Be2 Bb7 8. O-O Nbd7 9. Nbd2 c5 10. Rc1 cxd4 11. Nxd4 Nc5 12. N4f3 Re8 13. cxd5 Qxd5 14. Nc4 Rad8 15. Qc2 Qe4 16. Qxe4 Bxe4 17. Rfd1 h6 18. h3 Bxf3 19. gxf3 Ne6 20. Ne5 Nh5 21. f4 Rxd1+ 22. Rxd1 Rd8 23. Rxd8+ Nxd8 24. Bxh5 gxh5 25. Kf1 Bf6 26.
Ke2 Kf8 27. Nd7+ Kg7 28. Bxf6+ exf6 29. Kd3 Kg6 30. Ke4 Nc6 31. a3 Ne7 32. Nb8 Kg7 33.
b4 Kf8 34. b5 Ke8 35. Na6 Kd7 36. Nb4 Kd6 37. Nd3 f5+ 38. Kd4 Ng6 39. Ne5 Nxe5 40. fxe5+ Ke6 41. f4 h4 42. Kc4 f6 43. exf6 Kxf6 44. Kd5 Ke7 45. Ke5 1-0

[Event "Late-Titled-Tuesday-Blitz-June-04-2024"]
[Site "Chess.com"]
[Date "2024.06.04"]
[Round "2"]
[White "MaestroCheck"]
[Black "Jospem"]
[Result "0-1"]
[WhiteElo "2618"]
[BlackElo "3042"]
[TimeControl "180+1"]
[EndTime "14:16:03 PDT"]
[Termination "Jospem won by resignation"]

1. e4 c5 2. Nc3 d6 3. Bb5+ Nd7 4. Bxd7+ Bxd7 5. d4 cxd4 6. Qxd4 Nf6 7. Bg5 h6 8.
Bxf6 gxf6 9. O-O-O Rg8 10. g3 e6 11. f4 Qb6 12. Qd3 Rc8 13. Nf3 Qc5 14. e5 Bc6 15.
exd6 Bxd6 16. Rhe1 Be7 17. Nd4 f5 18. Nxc6 Qxc6 19.
Qb5 a6 20. Qxc6+ Rxc6 21. Rd3 h5 22. Ne2 h4 23. Nd4 Rc7 24. Red1 Bf6 25. gxh4 Rg4 26. Re1 Rxf4 27. Nf3 Bxh4 28. Nxh4 Rxh4 29. Re2 Ke7 30. Rf3 Kf6 31. c3 e5 32. Ref2 f4 33. Re2 Kf5 34. Rf1 e4 35. Rd2 f3 36. Re1 Re7 37. Rd6 Rxh2 38.
Rd5+ Kf4 39. Rd6 f5 40. Rd5 f2 41. Rd6 fxe1=Q+ 0-1

[Event "Late-Titled-Tuesday-Blitz-June-04-2024"]
[Site "Chess.com"]
[Date "2024.06.04"]
[Round "2"]
[White "lluiss"]
[Black "Charodej1"]
[Result "0-1"]
[WhiteElo "2207"]
[BlackElo "2472"]
[TimeControl "180+1"]
[EndTime "14:16:06 PDT"]
[Termination "Charodej1 won by resignation"]

1. Nf3 d5 2. d4 Nf6 3. c4 e6 4. cxd5 exd5 5. Nc3 c6 6. Qc2 Nbd7 7. Bg5 Be7 8. e3 O-O 9. Bd3 Re8 10. O-O-O b5 11.
Kb1 a5 12. Ne2 Qb6 13. Rc1 Bb7 14. Ne5 Nxe5 15. dxe5 Ne4 16. Bxe7 Rxe7 17. f3 Nf2 18.
Bxh7+ Kh8 19. Rhf1 Qxe3 20. Qf5 Rxe5 21. Qxf7 Kxh7 22.
Nf4 Ra7 23. Ng6 Qd3+ 24. Ka1 Qxg6 25. Qf4 Nd3 26. Qh4+ Rh5 27. Qd4 c5 28. Qc3 d4 0-1

[Event "Late-Titled-Tuesday-Blitz-June-04-2024"]
[Site "Chess.com"]
[Date "2024.06.04"]
[Round "2"]
[White "lachesisQ"]
[Black "aghasiyevkamal"]
[Result "1-0"]
[WhiteElo "3050"]
[BlackElo "2619"]
[TimeControl "180+1"]
[EndTime "14:16:08 PDT"]
[Termination "lachesisQ won by resignation"]

1. e4 c5 2. Nf3 d6 3. d4 cxd4 4. Nxd4 Nf6 5. Nc3 g6 6. Be3 Bg7 7. f3 Nc6 8. Qd2 O-O 9. O-O-O d5 10. Nxc6 bxc6 11. Bh6 Bxh6 12. Qxh6 Qa5 13. e5 Nd7 14.
h4 Re8 15. h5 Nf8 16. Bd3 Rb8 17. Rde1 Qb4 18. Nd1 Be6 19. a3 Qd4 20. hxg6 fxg6 21. Rh4 Qc5 22. Reh1 Rec8 23. Bxg6 hxg6 24. Rf4 Bf5 25.
Rxf5 gxf5 26. e6 Nxe6 27. Qxe6+ Kg7 28. Qxf5 Rh8 29. Qe5+ 1-0

[Event "Late-Titled-Tuesday-Blitz-June-04-2024"]
[Site "Chess.com"]
[Date "2024.06.04"]
[Round "2"]
[White "annasargsyan_m"]
[Black "Zhigalko_Sergei"]
[Result "0-1"]
[WhiteElo "2581"]
[BlackElo "2921"]
[TimeControl "180+1"]
[EndTime "14:16:10 PDT"]
[Termination "Zhigalko_Sergei won by resignation"]

1. e4 c5 2. Nf3 d6 3. d4 cxd4 4. Nxd4 Nf6 5. Nc3 a6 6. g3 g6 7. Bg2 Bg7 8. O-O O-O 9. h3 Nc6 10. Be3 Nd7 11. Qd2 Nde5 12. b3 Bxh3 13. Nxc6 bxc6 14.
f4 Bxg2 15. Kxg2 Ng4 16. Bg1 Qa5 17. Rf3 Rfd8 18. a4 Qh5 19. Rd1 e5 20. Ne2 d5 21. fxe5 Nxe5 22. Rff1 g5 23. Rf5 Qg4 24. Nc3 h6 25. Rff1 dxe4 26. Qxd8+ Rxd8 27. Rxd8+ Kh7 28. Rd4 f5 29. Rd6 Nf3 30. Nd1 Be5 31. Rd7+ Kg6 32. Bf2 Nh4+ 33. Kh2 Nf3+ 34. Kg2 f4 35. Re7 Nh4+ 36. Kg1 Bd4 0-1

[Event "Late-Titled-Tuesday-Blitz-June-04-2024"]
[Site "Chess.com"]
[Date "2024.06.04"]
[Round "2"]
[White "Msb2"]
[Black "osh1ro"]
[Result "1-0"]
[WhiteElo "3039"]
[BlackElo "2617"]
[TimeControl "180+1"]
[EndTime "14:16:11 PDT"]
[Termination "Msb2 won by resignation"]

1. d4 e6 2. c4 Nf6 3. Nc3 Bb4 4. e3 O-O 5. Bd2 b6 6. Nf3 Bb7 7. Bd3 Bxc3 8. Bxc3 Ne4 9. Bxe4 Bxe4 10. d5 c5 11. Nd2 exd5 12. Nxe4 dxe4 13. Qg4 f6 14. Qxe4 Nc6 15.
O-O-O Qe8 16. Qxe8 Rfxe8 17. Rxd7 Red8 18. Rhd1 Kf8 19. g4 Rxd7 20. Rxd7 Rd8 21. Rxd8+ Nxd8 22. Kd2 Ke7 23.
Kd3 Ke6 24. e4 Nc6 25. f4 g6 26. f5+ Kf7 27. Ke3 g5 28. e5 fxe5 29. Ke4 Kf6 30. Be1 Ke7 31. Kd5 Nd4 32. Bg3 Nf3 33. Bxe5 Kf7 34.
Bg3 Nd4 35. b4 Nf3 36. bxc5 bxc5 37. Kxc5 Nd2 38. Kd5 Nf3 39. c5 Nd2 40. c6 Ke7 41. f6+ 1-0

[Event "Late-Titled-Tuesday-Blitz-June-04-2024"]
[Site "Chess.com"]
[Date "2024.06.04"]
[Round "2"]
[White "Pelusiansky"]
[Black "Zorbos"]
[Result "0-1"]
[WhiteElo "2385"]
[BlackElo "2720"]
[TimeControl "180+1"]
[EndTime "14:16:11 PDT"]
[Termination "Zorbos won by checkmate"]

1. d4 Nf6 2. c4 g6 3. Nc3 Bg7 4.
e4 d6 5. Nge2 O-O 6. Ng3 c5 7.
d5 e6 8. Be2 exd5 9. cxd5 Re8 10. O-O Na6 11. Bg5 h6 12. Be3 Nc7 13. Qd2 h5 14. Bg5 a6 15. a4 Rb8 16. f4 Qd7 17. f5 Nh7 18. Bh6 Bd4+ 19. Kh1 b5 20.
axb5 Nxb5 21. fxg6 fxg6 22. Nxb5 axb5 23. Nxh5 gxh5 24.
Bxh5 Re7 25. Ra3 Bb7 26. Rg3+ Kh8 27. Bg4 Qe8 28. Bf5 Qf7 29. Rh3 Rg8 30. Bxh7 Qxf1# 0-1

[Event "Late-Titled-Tuesday-Blitz-June-04-2024"]
[Site "Chess.com"]
[Date "2024.06.04"]
[Round "2"]
[White "Hikaru"]
[Black "rhungaski"]
[Result "1-0"]
[WhiteElo "3225"]
[BlackElo "2632"]
[TimeControl "180+1"]
[EndTime "14:16:13 PDT"]
[Termination "Hikaru won by resignation"]

1. Nf3 d5 2. b3 c5 3. e3 Nc6 4. Bb5 Bd7 5. Bb2 Nf6 6. O-O e6 7. d3 Be7 8. Nbd2 O-O 9. Bxc6 Bxc6 10. Ne5 Rc8 11. f4 d4 12. e4 Be8 13. Rf3 Nd7 14. Nxd7 Qxd7 15. Rg3 f5 16. Qe2 Bf6 17. a4 b6 18. Nc4 Bf7 19. Rf1 Rfe8 20. h4 Qc6 21. h5 a6 22. Ne5 Qc7 23. h6 g6 24.
c3 Bxe5 25. fxe5 Qxe5 26. Qe1 Rcd8 27. cxd4 cxd4 28. Qf2 Rd7 29. Rc1 fxe4 30. dxe4 Qh5 31. Rh3 Qg5 32. Rf1 e5 33. Rf3 Qe7 34. Rf6 b5 35.
axb5 axb5 36. Bc1 d3 37. Bg5 d2 38. Bxd2 Rd6 39. Rxf7 Rxd2 40. Rxe7 1-0